 Seeded DCSS version 0.31-a0-1612-g4aaf141004 (webtiles) character file.

Game seed: 17894078037245672648 (custom seed)

386 innerfire43 the Twirler (level 6, -5/48 HPs)
             Began as a Demonspawn Wanderer on Jan 9, 2024.
             Was a Follower of Nemelex Xobeh.
             Slain by an ogre
             ... wielding a +0 giant club
              (22 damage)
             ... on level 4 of the Dungeon.
             The game lasted 00:05:57 (3061 turns).

innerfire43 the Twirler (Demonspawn Wanderer)       Turns: 3061, Time: 00:05:57

Health: -5/48      AC: 10    Str: 17    XL:     6   Next: 48%
Magic:  8/8        EV: 12    Int:  8    God:    Nemelex Xobeh [*.....]
Gold:   105        SH:  5    Dex: 14    Spells: 5/5 levels left

rFire   . . .        a - +3 quarterstaff
rCold   . . .        (shield currently unavailable)
rNeg    . . .        d - +0 leather armour
rPois   .            (no helmet)
rElec   .            q - +0 cloak
rCorr   .            (no gloves)
SInv    .            (no boots)
Will    .....        o - amulet of reflection
Stlth   +            (no ring)
HPRegen 0.28/turn    (no ring)
MPRegen 0.22/turn

%: reflection
@: sanguine armoured
A: powered by death 1, magic regeneration, sanguine armour 1
a: Renounce Religion, Draw Escape, Draw Destruction, Draw Summoning


You were on level 4 of the Dungeon.
You worshipped Nemelex Xobeh.
Nemelex Xobeh was aware of your devotion.
You visited 1 branch of the dungeon, and saw 4 of its levels.

You collected 105 gold pieces.

Inventory:

Hand Weapons
 a - a +3 quarterstaff (weapon)
Armour
 b - a +1 cloak
 d - a +0 leather armour (worn)
 q - a +0 cloak (worn)
Jewellery
 o - an amulet of reflection (around neck)
Scrolls
 c - a scroll of vulnerability
 f - a scroll of identify {unknown}
 i - a scroll of poison {unknown}
 m - a scroll of brand weapon {unknown}
 p - a scroll of enchant armour
Potions
 e - a potion of ambrosia {unknown}
 g - a potion of might {unknown}
 h - a potion of degeneration {unknown}
 j - a potion of haste {unknown}
 k - a potion of mutation {unknown}
 l - a potion of invisibility {unknown}
 n - a potion of curing {unknown}


   Skills:
 + Level 3.7 Fighting
 + Level 4.7 Staves
 - Level 1.0 Throwing
 - Level 1.0 Armour
 + Level 3.4 Dodging
 - Level 1.0 Stealth
 * Level 2.9 Invocations


You had 5 spell levels left.
You didn't know any spells.
Your spell library contained the following spells:

 Spells                   Type           Power      Damage    Failure   Level
 Call Canine Familiar     Summ           0%         N/A       83%         3
 Sigil of Binding         Hex            0%         N/A       83%         3
 Dimensional Bullseye     Hex/Tloc       0%         N/A       99%         4


Dungeon Overview and Level Annotations

Branches:
Dungeon (4/15)
 Temple: D:4-7

Altars:
Nemelex Xobeh

Shops:
D:2 *   D:3 (


Innate Abilities, Weirdness & Mutations

You regenerate a little health from kills.
You regenerate magic rapidly.
When seriously injured, your blood forms armour. (AC +6)


Message History

The gnoll is severely wounded.
The gnoll hits you but does no damage. The orc hits you but does no damage.
The gnoll splashes around in the water.
There are monsters nearby!
You barely miss the gnoll.
The gnoll is severely wounded.
The gnoll closely misses you. The ogre misses you. The orc closely misses you.
The gnoll splashes around in the water.
There are monsters nearby!
You hit the gnoll.
The gnoll is almost dead.
You block the gnoll's attack. The orc closely misses you.
The gnoll closely misses you.
The ogre hits you with a +0 giant club!!
Ouch! That really hurt!
Your blood congeals into armour.
You are too injured to fight recklessly!
You are too injured to fight recklessly!
You hit the gnoll.
You kill the gnoll!
You block the orc's attack.
The gnoll splashes around in the water.
Unknown command.
The gnoll splashes around in the water.
You sock the ogre!
The ogre is heavily wounded.
The ogre barely misses you. You block the gnoll's attack.
You barely miss the ogre.
The ogre is heavily wounded.
The gnoll splashes around in the water.
The ogre closely misses you. The orc hits you but does no damage.
You barely miss the ogre.
The ogre is heavily wounded.
You block the gnoll's attack.
The orc hits you from afar with a +0 trident.
You sock the ogre!
The ogre is almost dead.
The gnoll hits you but does no damage.
The ogre hits you with a +0 giant club!!
You die...
Your body disappears without a glow.

#............ #............
#............
####################).###########
..................).÷............
.~~~≈≈~~~~~~~~~~~~~÷÷...~≈~~~≈~~~
.≈≈~≈≈≈≈~~≈≈≈~≈~≈~~~....~≈≈~≈≈≈≈≈
.~≈#####≈~≈≈~~~~~go~....~≈~~~≈~~~
.~≈#ooo#........@Oo..............
P~≈#.o.#############''''#########
.~≈###o# ..# .~≈~.#.. # .~≈~.#
.≈≈≈.# .~≈~.# .~~~.# .~~≈.#


You could see an ogre, a gnoll and 2 orcs.

Vanquished Creatures
  A howler monkey (D:4)
  2 hounds
  A bombardier beetle (D:3)
  A gnoll bouda (D:4)
  An iguana (D:3)
  6 gnolls (D:4)
  8 adders
  5 orcs
  7 bats
  6 endoplasms
  2 giant cockroaches
  4 goblins
  4 hobgoblins
  17 jackals
  4 ball pythons
  4 frilled lizards
  3 kobolds
  5 rats
81 creatures vanquished.

Notes
Turn   | Place    | Note
-------+----------+-------------------------------------------
     0 | D:1      | innerfire43 the Demonspawn Wanderer began the quest for the
                  | Orb.
     0 | D:1      | innerfire43 set off with the following items: a +3
                  | quarterstaff, a +0 cloak, a scroll of vulnerability, a +0
                  | leather armour.
     0 | D:1      | Reached XP level 1. HP: 16/16 MP: 1/1
     0 | D:1      | Noticed a vampire
     0 | D:1      | Noticed a naga
     3 | D:1      | Noticed a ghoul
     3 | D:1      | Noticed a barachi
     5 | D:1      | Noticed a naga
     6 | D:1      | Noticed a djinni
     7 | D:1      | Noticed a spriggan
     8 | D:1      | Noticed a djinni
    11 | D:1      | Noticed a vampire
    13 | D:1      | Noticed a spriggan
    13 | D:1      | Noticed a merfolk
    15 | D:1      | Noticed an elf
    17 | D:1      | Noticed an armataur
    17 | D:1      | Noticed a minotaur
    19 | D:1      | Noticed a vine stalker
    21 | D:1      | Noticed a formicid
   137 | D:1      | Reached skill level 3 in Staves
   161 | D:1      | Gained mutation: You regenerate a little health from kills.
                  | [demonic ancestry]
   161 | D:1      | Reached XP level 2. HP: 21/22 MP: 2/2
  1004 | D:2      | Reached XP level 3. HP: 28/28 MP: 3/3
  1241 | D:2      | Found Budoext's Assorted Antiques.
  1665 | D:3      | Found Jema's Antique Weapon Shoppe.
  1702 | D:3      | Gained mutation: When seriously injured, your blood forms
                  | armour. (AC +6) [demonic ancestry]
  1702 | D:3      | Reached XP level 4. HP: 30/34 MP: 4/4
  1905 | D:3      | Reached skill level 4 in Staves
  1977 | D:3      | Reached XP level 5. HP: 30/41 MP: 5/5
  2040 | D:3      | Found a faded altar of an unknown god.
  2621 | D:3      | Prayed at the altar of an unknown god.
  2621 | D:3      | Became a worshipper of Nemelex Xobeh the Trickster
  2621 | D:3      | Reached * piety under Nemelex Xobeh
  2621 | D:3      | Received a gift from Nemelex Xobeh
  2735 | D:4      | Reached skill level 1 in Invocations
  2855 | D:4      | Gained mutation: You regenerate magic rapidly. [demonic
                  | ancestry]
  2855 | D:4      | Reached XP level 6. HP: 35/47 MP: 7/7
  3061 | D:4      | Slain by an ogre

Illustrated notes

Levels and vault maps discovered:
D:1:      shiori_arrival_whats_in_store_for_you, layout_basic
D:2:      layout_loops_ring, serial_shops, shop
D:3:      layout_basic, hellmonk_ecumenical_altar_arch_garden, serial_shops,
          shop
D:4:      lemuel_castle_with_subvaults [lemuel_castle_interior_carwin_3],
          layout_basic

Skill      XL: |  1  2  3  4  5  6 |
---------------+-------------------+-----
Staves         | 3 4 |  4.7
Dodging        | 2 3 |  3.4
Fighting       | 3 |  3.7
Invocations    | 1 2 |  2.9
Throwing       | |  1.0
Armour         | |  1.0
Stealth        | |  1.0

Action                     |  1- 3 |  4- 6 || total
---------------------------+-------+-------++-------
  Melee: Quarterstaff      |    85 |   153 ||   238
    Use: Scroll            |     1 |     3 ||     4
   Stab: Sleeping          |     3 |       ||     3
 Armour: Leather armour    |    42 |   110 ||   152
  Dodge: Dodged            |    55 |   122 ||   177
  Block: Other             |       |    31 ||    31

Table legend: (Time is in decaauts)
 A = Elapsed time spent in this place.
 B = Non-inter-level travel time spent in this place.
 C = Inter-level travel time spent in this place.
 D = Time resting spent in this place.
 E = Time spent auto-exploring this place.
 F = Levels seen in this place.
 G = Mean time per level.
                   A        B        C        D        E       F      G
               +--------+--------+--------+--------+--------+-----+--------+
         Total |   3089 |   2887 |    202 |      0 |   2091 |   4 |  772.2 |
       Dungeon |   3089 |   2887 |    202 |      0 |   2091 |   4 |  772.2 |
               +--------+--------+--------+--------+--------+-----+--------+

Top non-repeatable levels by time:
     D:3: 1042 daAuts
     D:1: 986 daAuts
     D:2: 672 daAuts
     D:4: 388 daAuts
